 Dungeon Crawl Stone Soup version 0.17.1-3-g152610e (webtiles) character file.

511 Goblin1989 the Insei (level 6, -1/47 HPs)
             Began as a Draconian Transmuter on Mar 7, 2016.
             Slain by a sky beast (5 damage)
             ... on level 5 of the Dungeon on Mar 8, 2016.
             The game lasted 00:22:54 (5621 turns).

Goblin1989 the Insei (Draconian Transmuter)         Turns: 5621, Time: 00:22:56

Health: -1/47      AC:  7    Str: 12    XL:     6   Next: 99%
Magic:  9/9        EV: 12    Int: 17    God:
Gold:   120        SH:  0    Dex: 12    Spells: 3 memorised, 2 levels left

rFire  . . .     SeeInvis .       - Unarmed
rCold  . . .     Clarity  +     (armour unavailable)
rNeg   . . .     SustAt   .     (no shield)
rPois  .         Gourm    .     (helmet restricted)
rElec  .         Spirit   .     m - +0 cloak
rCorr  .         Warding  .     (no gloves)
rMut   .         Stasis   .     (no boots)
MR     .....                    (no amulet)
Stlth  +.........               (no ring)
                                (no ring)

@: appendage (expiring), not resistant to hostile enchantments, very unstealthy
A: unfitting armour, horns 2, clarity, clever 1, cold-blooded, AC +6
a: End Transformation


You were on level 5 of the Dungeon.
You were not hungry.
You had grown temporary horns.
You visited 1 branch of the dungeon, and saw 5 of its levels.

You collected 120 gold pieces.

Inventory:

Missiles
 a - 86 arrows (quivered)
Armour
 m - a +0 cloak (worn)
Jewellery
 u - an uncursed ring of fire {unknown}
 v - a +1 ring of protection {unknown}
Wands
 q - a wand of polymorph (3)
Scrolls
 d - a scroll of magic mapping {unknown}
 e - 2 scrolls of fog
 f - a scroll of amnesia {unknown}
 i - a scroll of blinking
 j - 3 scrolls of remove curse
 o - a scroll of teleportation
 t - 2 scrolls of fear
 x - a scroll of holy word {unknown}
 y - a scroll of noise {unknown}
Potions
 g - a potion of brilliance
 h - 2 potions of flight
 k - a potion of lignification {unknown}
 l - a potion of agility
 n - a potion of might {unknown}
 p - 2 potions of curing
 r - a potion of resistance {unknown}
 w - a potion of haste {unknown}
 z - a potion of invisibility {unknown}
Books
 b - a book of Changes

   Spells                             Type                      Level
   a - Beastly Appendage              Transmutation                1
   b - Sticks to Snakes               Transmutation                2
   c - Spider Form                    Transmutation/Poison         3
   d - Ice Form                       Ice/Transmutation            4
   e - Blade Hands                    Transmutation                5
Comestibles
 c - 2 bread rations
 s - a beef jerky


   Skills:
 - Level 1.1 Fighting
 - Level 1.7 Dodging
 * Level 7.4 Unarmed Combat
 - Level 2.0 Spellcasting
 + Level 2.6 Transmutations
 + Level 1.7 Ice Magic


You had 2 spell levels left.
You knew the following spells:

 Your Spells              Type           Power        Failure   Level  Hunger
a - Beastly Appendage     Trmt           ##....       10%         1    #......
b - Sticks to Snakes      Trmt           ##........   12%         2    ###....
c - Ice Form              Ice/Trmt       #.......     82%         4    #####..


Dungeon Overview and Level Annotations

Branches:
Dungeon (5/15)
 Temple: D:4-7

Altars:
Nemelex Xobeh
Sif Muna
Zin
The Shining One

Annotations:
D:4 exclusion: downstairs
D:5 Edmund


Innate Abilities, Weirdness & Mutations

Your plain brown scales are hard (AC +6).
Your body does not fit into most forms of armour.
You are cold-blooded and may be slowed by cold attacks.
You have a pair of horns on your head.
You possess an exceptional clarity of mind.
Your mind is acute. (Int +2)


Message History

The sky beast flickers out of sight!
Deactivating autopickup; reactivate with Ctrl-A.
Something hits you. Something shocks you.
You miss something. Your headbutt misses something.
Something hits you but does no damage.
You closely miss something. Something completely misses you.
You miss something. Your headbutt misses something. You closely miss something.
Your headbutt misses something. Something hits you.
* * * LOW HITPOINT WARNING * * *
Something shocks you.
* * * LOW HITPOINT WARNING * * *
You closely miss something. Something hits you but does no damage.
You miss something. Something barely misses you.
You miss something.
Your tail-slap misses something.
A sky beast appears from thin air!
Reactivating autopickup.
The sky beast hits you.
* * * LOW HITPOINT WARNING * * *
The sky beast shocks you.
You die...

........... ..............
...........(. .......
#............ !.....
#............ .....
#.....)......#####.... #...#
....# #......... #...##....#
#......... +...Y@...# #.........
#...####..# #......... .#...
####...# #.# #......... ....#
#......#####.###......... ###...#
#............##..........
..#...###............##..........
..#...................#..........
..#.................#.##......###
..#...........................#


You could see a sky beast.

Vanquished Creatures
  A giant frog zombie (D:4)
  A centaur zombie (D:4)
  2 hounds (D:5)
  Crazy Yiuf (D:4)
  Ijyb (D:2)
  An orc wizard (D:4)
  A hound skeleton (D:4)
  3 gnolls (D:4)
  3 adders
  An ooze (D:1)
  3 worms
  An adder skeleton (D:4)
  7 orcs
  3 ball pythons
  3 giant cockroaches
  12 goblins
  9 hobgoblins
  A ball python skeleton (D:4)
  4 bats
  A giant cockroach zombie (D:4)
  7 giant geckos
  5 giant newts
  2 jackals (D:3)
  A jackal skeleton (D:4)
  12 kobolds
  A quokka (D:2)
  A quokka skeleton (D:4)
  8 rats
96 creatures vanquished.

Vanquished Creatures (collateral kills)
  A sky beast (D:3)
  A giant frog zombie (D:4)
  A centaur skeleton (D:4)
  A hound skeleton (D:4)
4 creatures vanquished.

Grand Total: 100 creatures vanquished

Notes
Turn   | Place    | Note
--------------------------------------------------------------
     0 | D:1      | Goblin1989 the Draconian Transmuter began the quest for the Orb.
     0 | D:1      | Reached XP level 1. HP: 16/16 MP: 3/3
   388 | D:1      | Reached XP level 2. HP: 14/23 MP: 5/5
  1228 | D:2      | Reached skill level 4 in Unarmed Combat
  1363 | D:2      | Learned a level 2 spell: Sticks to Snakes
  1385 | D:2      | Reached XP level 3. HP: 23/28 MP: 6/6
  1878 | D:2      | Noticed Ijyb
  1905 | D:2      | Killed Ijyb
  1905 | D:2      | Reached skill level 5 in Unarmed Combat
  1905 | D:2      | Reached XP level 4. HP: 14/35 MP: 7/7
  2587 | D:2      | Gained mutation: Your mind is acute. (Int +2) [potion of mutation]
  2587 | D:2      | Gained mutation: You possess an exceptional clarity of mind. [potion of mutation]
  2840 | D:3      | Learned a level 4 spell: Ice Form
  3177 | D:3      | Found a faded altar to an unknown god.
  3464 | D:3      | Noticed a sky beast
  3575 | D:3      | Killed a sky beast
  3575 | D:3      | Reached skill level 6 in Unarmed Combat
  3575 | D:3      | Reached XP level 5. HP: 19/40 MP: 3/8
  3916 | D:4      | Found a glowing silver altar of Zin.
  4356 | D:4      | Reached XP level 6. HP: 36/47 MP: 6/9
  4654 | D:4      | Reached skill level 7 in Unarmed Combat
  4654 | D:4      | Reached skill level 1 in Ice Magic
  4987 | D:4      | Found a deep blue altar of Sif Muna.
  4987 | D:4      | Found a glowing golden altar of the Shining One.
  5251 | D:4      | Noticed Crazy Yiuf
  5261 | D:4      | Killed Crazy Yiuf
  5321 | D:4      | Found a sparkling altar of Nemelex Xobeh.
  5380 | D:5      | Entered Level 5 of the Dungeon
  5500 | D:5      | Noticed Edmund
  5621 | D:5      | Slain by a sky beast

Action                   |  1- 3 |  4- 6 || total
-------------------------+-------+-------++-------
Melee: Unarmed           |   155 |   248 ||   403
 Cast: Beastly Appendage |     2 |    23 ||    25
       Sticks to Snakes  |       |    18 ||    18
  Use: Scroll            |       |     8 ||     8
       Potion            |       |     5 ||     5
 Stab: Distracted        |     1 |     1 ||     2
  Eat: Chunk             |     2 |     8 ||    10
       Pizza             |       |     1 ||     1
       Meat ration       |       |     1 ||     1
